 Dungeon Crawl Stone Soup version 0.31.0-9-g3a7656b989 (webtiles) character file.

Game seed: 16442098329326425396

11 qw the Shooter (level 2, 0/14 HPs)
             Began as a Spriggan Hunter on Feb 2, 2024.
             Succumbed to their own poison gas
             ... on level 1 of the Dungeon.
             The game lasted 00:00:01 (318 turns).

qw the Shooter (Spriggan Hunter)                     Turns: 318, Time: 00:00:01

Health: 0/14       AC:  2    Str:  7    XL:     2   Next: 13%
Magic:  3/3        EV: 19    Int: 10    God:
Gold:   52         SH:  0    Dex: 18    Spells: 1/1 levels left

rFire   . . .        a - +1 shortbow
rCold   . . .        (shield currently unavailable)
rNeg    . . .        c - +0 robe
rPois   .            (helmet restricted)
rElec   .            (no cloak)
rCorr   .            (gloves unavailable)
SInv    +            (boots unavailable)
Will    .....        (no amulet)
Stlth   ++           (no ring)
HPRegen 0.22/turn    (no ring)
MPRegen 0.08/turn

%: no passive effects
@: lethally poisoned (0 -> -4), very quick
A: very small, no large weapons, unfitting armour, see invisible, speed 3
a: no special abilities


You were on level 1 of the Dungeon.
You visited 1 branch of the dungeon, and saw 1 of its levels.

You collected 52 gold pieces.


Innate Abilities, Weirdness & Mutations

You are very small and have problems with some larger weapons.
You are too small for most types of armour.
You have supernaturally acute eyesight. (SInv)
You cover ground extremely quickly. (Speed+++)


   Skills:
 - Level 1.5 Fighting
 - Level 4.0 Ranged Weapons
 + Level 3.9 Dodging
 - Level 1.5 Stealth


You had one spell level left.
You didn't know any spells.
Your spell library was empty.

Inventory:

Hand Weapons
 a - a +1 shortbow (weapon)
Armour
 c - a +0 robe (worn)
Potions
 e - a potion of enlightenment {unknown}

Dungeon Overview and Level Annotations

Branches:
Dungeon (1/15)

Altars:


Message History

Done exploring.
309 ||| READING 3 scrolls labelled EGEISKOORILE.
As you read the scroll labelled EGEISKOORILE, it dissolves into smoke.
It was a scroll of fog.
Done exploring.
310 ||| DROPPING scroll of butterflies.
You drop a scroll of butterflies.
Done exploring.
311 ||| DROPPING 2 scrolls of fog.
You drop 2 scrolls of fog.
Done exploring.
What level of the Dungeon? (default 1, ? - help) Sorry, I don't know how to get there.
Enter note:
Enter note:
Enter note:
Enter note:
Enter note:
Enter note:
Enter note:
Enter note:
Enter note:
Enter note:
Enter note:
Enter note: You are engulfed in poison gas.
You are lethally poisoned!
You feel very sick.
313 ||| Stepping ~*~*~tactically~*~*~ (cloud).
You feel sick.
Things that are here:
2 scrolls of fog; a scroll of butterflies
There is a lethal amount of poison in your body!
You feel very sick.
There is a lethal amount of poison in your body!
You feel very sick.
There is a lethal amount of poison in your body!
You feel sick.
There is a lethal amount of poison in your body!
You feel sick.
There is a lethal amount of poison in your body!
You die...

.................####.......#
).............#.............#
.[.......000.¤#¤............#
.........00¤000¤#####.......#
.........00¤0¤0¤# #.¤.....#
.........¤0¤0¤#0#####00.....#
.........0¤¤¤¤0¤0¤00¤¤0######
.........0¤¤¤0¤¤¤¤0¤0¤¤#
.........00¤¤¤¤0@00¤0¤0#
.........0¤0¤¤0¤00¤¤000#
.........¤00¤0¤00¤¤000¤#
##.....######00¤0¤00¤¤0#
######## #¤00¤0¤0000#
#0¤¤¤¤¤0¤¤0# #00000¤¤00¤#
############


There were no monsters in sight!

Vanquished Creatures
  A dart slug (D:1)
  2 goblins (D:1)
  2 hobgoblins (D:1)
  A kobold (D:1)
  A bat (D:1)
  A rat (D:1)
8 creatures vanquished.

Notes
Turn   | Place    | Note
-------+----------+-------------------------------------------
     0 | D:1      | qw the Spriggan Hunter began the quest for the Orb.
     0 | D:1      | Reached XP level 1. HP: 10/10 MP: 2/2
     0 | D:1      | 0 ||| qw: Version: 0.3-a-155-g5e7d8dd
     0 | D:1      | 0 ||| qw: Game counter: 1988
     0 | D:1      | 0 ||| qw: Melee chars always use a shield: true
     0 | D:1      | 0 ||| qw: God list: Okawaru
     0 | D:1      | 0 ||| qw: Allow faded altars: false
     0 | D:1      | 0 ||| qw: Do Orc after clearing Dungeon:15 true
     0 | D:1      | 0 ||| qw: Do second Lair branch before Depths: true
     0 | D:1      | 0 ||| qw: Lair rune preference: random
     0 | D:1      | 0 ||| qw: Goals: Normal
     0 | D:1      | 0 ||| PLANNING D:1-11
    75 | D:1      | Reached skill level 3 in Dodging
    99 | D:1      | Reached XP level 2. HP: 14/14 MP: 3/3
   307 | D:1      | 307 ||| READING scroll labelled DOXADU ZUITHESO.
   307 | D:1      | 307 ||| ENCHANTING +0 shortbow.
   308 | D:1      | 308 ||| READING scroll labelled DEILEWN EWEAGH.
   309 | D:1      | 309 ||| READING 3 scrolls labelled EGEISKOORILE.
   310 | D:1      | 310 ||| DROPPING scroll of butterflies.
   311 | D:1      | 311 ||| DROPPING 2 scrolls of fog.
   313 | D:1      | 313 ||| Stepping ~*~*~tactically~*~*~ (cloud).
   316 | D:1      | HP: 2/14 [poisoned by you (poison gas)]
   318 | D:1      | Succumbed to their own poison gas

Levels and vault maps discovered:
D:1:      ncdulo_lavacross, layout_rooms

Skill      XL: |  1 |
---------------+----+-----
Dodging        | 3 |  3.9
Fighting       | |  1.5
Ranged Weapons | |  4.0
Stealth        | |  1.5

Action                     || total
---------------------------++-------
   Fire: Shortbow          ||    25
    Use: Scroll            ||     3
 Armour: Robe              ||     1
  Dodge: Dodged            ||     6

Table legend:
 A = Non-vault XP
 B = Vault XP
 C = Vault XP percentage of total XP
 D = Non-vault monster count
 E = Vault monster count
 F = Vault count percentage of total count
                 A         B        C        D         E       F
            +---------+---------+-------+---------+---------+-------
      Total |      16 |       0 |   0.0 |       8 |       0 |   0.0
            +---------+---------+-------+---------+---------+-------
        D:1 |      16 |       0 |   0.0 |       8 |       0 |   0.0
            +---------+---------+-------+---------+---------+-------
